 Dungeon Crawl Stone Soup version 0.28.0-45-g0d030f2227 (webtiles) character file.

Game seed: 13481240371200303614

777 Ablot the Cutter (level 7, -5/60 HPs)
             Began as a Gnoll Chaos Knight on Apr 20, 2022.
             Was a Plaything of Xom.
             Slain by a gnoll
             ... wielding a +0 flail
              (9 damage)
             ... on level 5 of the Dungeon.
             The game lasted 00:06:10 (4461 turns).

Ablot the Cutter (Gnoll Chaos Knight)               Turns: 4461, Time: 00:06:10

Health: -5/60      AC:  6    Str: 13    XL:     7   Next: 84%
Magic:  11/11      EV: 12    Int: 11    God:    Xom [....*.]
Gold:   113        SH:  0    Dex: 10    Spells: 9/11 levels left

rFire   . . .      SeeInvis .   t - +7 staff of the Meek {protect, meekguard}
rCold   . . .      Faith    +   (shield currently unavailable)
rNeg    . . .      Spirit   .   b - +2 leather armour
rPois   .          Reflect  .   x - +0 helmet
rElec   .          Harm     .   (no cloak)
rCorr   .          Rampage  .   (no gloves)
Will    .....                   (no boots)
Stlth   ++........              p - amulet of faith
HPRegen 0.20/turn               (no ring)
MPRegen 0.12/turn               (no ring)

@: unable to read
A: fangs 1, strong nose, distributed training, clumsy 1, deterioration 1,
inability to read while threatened
a: Renounce Religion


You were on level 5 of the Dungeon.
You worshipped Xom.
You were a beloved toy of Xom.
You visited 1 branch of the dungeon, and saw 5 of its levels.

You collected 146 gold pieces.
You spent 33 gold pieces at shops.

Inventory:

Hand Weapons
 a - a +0 short sword of chaos
 t - the +7 staff of the Meek (weapon) {protect, meekguard}
   (You found it on level 4 of the Dungeon)

   It grants its wielder temporary protection when it strikes (+7 to AC).
   It provides extra protection to wielders with little health.
 w - the +11 mace "Tamerch" {elec, rF+ rCorr}
   (You found it on level 4 of the Dungeon)

   It occasionally discharges a powerful burst of electricity upon striking a
   foe.
   rF:        It protects you from fire.
   rCorr:     It protects you from acid and corrosion.
Missiles
 c - 149 stones
 e - 10 poisoned darts (quivered)
 i - 16 arrows
 y - a javelin
Armour
 b - a +2 leather armour (worn)
 x - a +0 helmet (worn)
Jewellery
 p - an amulet of faith (around neck)
Wands
 o - a wand of digging (7)
Scrolls
 f - 3 scrolls of immolation {unknown}
 h - 2 scrolls of teleportation
 j - a scroll of enchant weapon {unknown}
 k - 5 scrolls of noise {unknown}
 q - 2 scrolls of identify {unknown}
 u - 2 scrolls of vulnerability {unknown}
 v - a scroll of fog {unknown}
Potions
 d - a potion of magic {unknown}
 g - a potion of berserk rage {unknown}
 l - a potion of invisibility {unknown}
 m - a potion of haste {unknown}
 n - 2 potions of curing {unknown}
 r - a potion of heal wounds {unknown}
 s - a potion of mutation {unknown}


   Skills:
 + Level 7.1 Fighting
 + Level 7.1 Short Blades
 + Level 2.7 Long Blades
 + Level 2.7 Axes
 + Level 2.7 Maces & Flails
 + Level 2.7 Polearms
 + Level 2.7 Staves
 + Level 2.7 Slings
 + Level 2.7 Bows
 + Level 2.7 Crossbows
 + Level 2.7 Throwing
 + Level 5.4 Armour
 + Level 3.8 Dodging
 + Level 2.7 Stealth
 + Level 2.7 Shields
 + Level 2.7 Unarmed Combat
 + Level 2.7 Spellcasting
 + Level 2.2 Conjurations
 + Level 2.2 Hexes
 + Level 2.2 Summonings
 + Level 2.2 Necromancy
 + Level 2.2 Translocations
 + Level 2.2 Transmutations
 + Level 2.2 Fire Magic
 + Level 2.2 Ice Magic
 + Level 2.2 Air Magic
 + Level 2.2 Earth Magic
 + Level 2.2 Poison Magic
 + Level 3.0 Invocations
 + Level 2.7 Evocations


You had 9 spell levels left.
You knew the following spells:

 Your Spells              Type           Power      Damage    Failure   Level
a - Passwall              Tmut/Erth      5%         N/A       21%         2

Your spell library contained the following spells:

 Spells                   Type           Power      Damage    Failure   Level
 Ensorcelled Hibernation  Hex/Ice        12%        N/A       21%         2
 Confusing Touch          Hex            6%         N/A       36%         3
 Swiftness                Air            6%         N/A       36%         3
 Yara's Violent Unravell  Hex/Tmut       3%         3d4       98%         5
 Enfeeble                 Hex            3%         N/A       100%        7


Dungeon Overview and Level Annotations

Branches:
Dungeon (5/15)
 Temple: D:4-7

Altars:
Xom

Shops:
D:1 *   D:2 !   D:3 :


Innate Abilities, Weirdness & Mutations

You have very sharp teeth.
Your uncanny sense of smell can sniff out nearby items.
Your experience applies equally to all skills.
You are clumsy. (Dex -2)
Your body sometimes deteriorates upon taking damage.
You sometimes lose the ability to read scrolls when taking damage.


Message History

The gnoll hits you but does no damage. x2
You hit the gnoll but do no damage.
The gnoll seems to slow down.
The gnoll is severely wounded.
The gnoll barely misses you.
You barely miss the gnoll.
The gnoll is severely wounded.
The gnoll barely misses you. The gnoll misses you.
You hit the gnoll.
The gnoll resists with some effort.
The gnoll is almost dead.
You hit the gnoll.
The gnoll is poisoned.
You bite the gnoll.
You kill the gnoll!
The gnoll closely misses you.
You hit the gnoll. You freeze the gnoll. You bite the gnoll, but do no damage.
The gnoll is moderately wounded.
The gnoll misses you.
You hit the gnoll.
You feel better.
You punch the gnoll, but do no damage. Your bite misses the gnoll.
The gnoll is moderately wounded.
The gnoll hits you from afar with a +0 halberd.
The gnoll closely misses you.
You barely miss the gnoll.
The gnoll hits you with a +0 flail of holy wrath.
You closely miss the gnoll. Your bite misses the gnoll.
The gnoll hits you from afar with a +0 halberd.
The gnoll barely misses you. The gnoll misses you.
You hit the gnoll but do no damage.
The gnoll suddenly seems more agile.
Your bite misses the gnoll.
The gnoll hits you from afar with a +0 halberd!
The gnoll hits you with a +0 flail!
You feel threatened and lose the ability to read scrolls!
* * * LOW HITPOINT WARNING * * *
The gnoll barely misses you.
The +7 staff of the Meek {protect, meekguard} hums with potential!
t - the +7 staff of the Meek (weapon)
{protect, meekguard} Unknown command.
You miss the gnoll.
The gnoll hits you from afar with a +0 halberd!
* * * LOW HITPOINT WARNING * * *
The gnoll hits you with a +0 flail!
You die...

#####** #**.≈≈8≈ *
#.,,.≈≈≈, * **#..*,..,,**
,....##g,,* *
**,......g###### , * ,,
,##g@##..## *###.#* ,,
#........# #.....,
∆,,,*#...##...# ...... ,,
,*##.!....### .....<,, , ,
#.........##
.......,,,..............##
....... ,,........###....##
..[..# #........>.......#
.....###*..###.##.......###


You could see 3 gnolls.

Vanquished Creatures
  Sigmund (D:3)
  A human (D:4)
  A black bear (D:5)
  An ogre (D:5)
  A water moccasin zombie (D:3)
  A howler monkey (D:4)
  A centaur skeleton (D:4)
  2 orc wizards (D:4)
  A gnoll (D:5)
  2 adders (D:4)
  A howler monkey skeleton (D:4)
  A shadow imp (D:5)
  A worm (D:2)
  5 dart slugs
  5 orcs
  9 endoplasms
  3 giant cockroaches
  9 hobgoblins
  4 jackals (D:1)
  2 quokkas
  5 ball pythons
  8 bats
  2 frilled lizards (D:1)
  10 goblins
  3 kobolds
  7 rats
87 creatures vanquished.

Notes
Turn   | Place    | Note
-------+----------+-------------------------------------------
     0 | D:1      | Ablot the Gnoll Chaos Knight began the quest for the Orb.
     0 | D:1      | Reached XP level 1. HP: 23/23 MP: 1/1
   111 | D:1      | Reached XP level 2. HP: 29/29 MP: 2/2
   177 | D:1      | Found Vydodewi's General Store.
   376 | D:1      | XOM: silly message
   564 | D:1      | XOM: divination: detect items
   641 | D:1      | Reached XP level 3. HP: 35/35 MP: 3/3
   886 | D:2      | Found Juiwem's Distillery.
   926 | D:2      | Reached skill level 1 in Invocations
  1122 | D:2      | You fall into a shaft and drop 1 floor!
  1378 | D:2      | Reached skill level 1 in Long Blades
  1378 | D:2      | Reached skill level 1 in Axes
  1378 | D:2      | Reached skill level 1 in Maces & Flails
  1378 | D:2      | Reached skill level 1 in Polearms
  1378 | D:2      | Reached skill level 1 in Staves
  1378 | D:2      | Reached skill level 1 in Slings
  1378 | D:2      | Reached skill level 1 in Bows
  1378 | D:2      | Reached skill level 1 in Crossbows
  1378 | D:2      | Reached skill level 1 in Throwing
  1378 | D:2      | Reached skill level 1 in Stealth
  1378 | D:2      | Reached skill level 1 in Shields
  1378 | D:2      | Reached skill level 1 in Unarmed Combat
  1378 | D:2      | Reached skill level 1 in Spellcasting
  1378 | D:2      | Reached skill level 1 in Evocations
  1497 | D:2      | XOM: divination: detect items
  1792 | D:2      | XOM: silly message
  1813 | D:1      | XOM: divination: detect creatures
  1821 | D:1      | Bought a scroll of teleportation for 33 gold pieces
  1890 | D:3      | Reached XP level 4. HP: 41/41 MP: 5/5
  2047 | D:3      | XOM: silly message
  2243 | D:3      | Found Vofeusm's Book Emporium.
  2284 | D:3      | Noticed Sigmund
  2287 | D:3      | XOM: noise
  2289 | D:3      | XOM: cast spell 'Summon Small Mammal'
  2290 | D:3      | XOM: potion effect (brilliance)
  2291 | D:3      | XOM: divination: detect items
  2292 | D:3      | XOM: divination: detect items
  2299 | D:3      | Killed Sigmund
  2300 | D:3      | Reached skill level 1 in Conjurations
  2300 | D:3      | Reached skill level 1 in Hexes
  2300 | D:3      | Reached skill level 1 in Summonings
  2300 | D:3      | Reached skill level 1 in Necromancy
  2300 | D:3      | Reached skill level 1 in Translocations
  2300 | D:3      | Reached skill level 1 in Transmutations
  2300 | D:3      | Reached skill level 1 in Fire Magic
  2300 | D:3      | Reached skill level 1 in Ice Magic
  2300 | D:3      | Reached skill level 1 in Air Magic
  2300 | D:3      | Reached skill level 1 in Earth Magic
  2300 | D:3      | Reached skill level 1 in Poison Magic
  2300 | D:3      | Reached XP level 5. HP: 34/47 MP: 5/7
  2300 | D:3      | Reached XP level 6. HP: 38/53 MP: 5/8
  2688 | D:3      | XOM: divination: detect items
  2740 | D:4      | XOM: noise
  2752 | D:4      | Reached skill level 5 in Armour
  2782 | D:4      | XOM: silly message
  2923 | D:4      | Noticed a black bear
  2929 | D:4      | XOM: noise
  2933 | D:4      | Noticed a human
  2933 | D:4      | a black bear changed into a human
  2938 | D:4      | Killed a human
  2939 | D:4      | Reached XP level 7. HP: 51/59 MP: 10/10
  3006 | D:4      | XOM: silly message
  3154 | D:4      | Found the +7 staff of the Meek {protect, meekguard}
  3393 | D:4      | XOM: potion effect (heal wounds)
  3789 | D:4      | Identified the +11 mace "Tamerch" {elec, rF+ rCorr}
  3860 | D:4      | XOM: summons 3 hostile shadow creatures
  3934 | D:5      | Entered Level 5 of the Dungeon
  3955 | D:5      | XOM: enchant monster (good)
  3988 | D:5      | XOM: god gift: bubbling green potion {god gift}
  3993 | D:5      | Learned a level 2 spell: Passwall
  4005 | D:5      | XOM: divination: magic mapping
  4181 | D:4      | XOM: cloud trail
  4247 | D:4      | XOM: scenery: create altars
  4272 | D:5      | XOM: snakes to sticks
  4278 | D:5      | XOM: give mutations
  4278 | D:5      | Gained mutation: Your body sometimes deteriorates upon
                  | taking damage. [Xom's mischief]
  4278 | D:5      | Gained mutation: You sometimes lose the ability to read
                  | scrolls when taking damage. [Xom's mischief]
  4278 | D:5      | Gained mutation: You are clumsy. (Dex -2) [Xom's mischief]
  4405 | D:5      | XOM: divination: detect items
  4461 | D:5      | Slain by a gnoll

Illustrated notes

Levels and vault maps discovered:
D:1:      wander_arrival_chamber, layout_basic, serial_shops,
          nicolae_shop_hallway_plus, hangedman_abyss_or_decor_lesser_grid
D:2:      layout_basic, serial_shops, nicolae_shop_crystal
D:3:      layout_loops_ring, serial_shops, shop, uniq_sigmund
D:4:      layout_loops_cross, grunt_decor_one_mirror
D:5:      layout_cave_pools, nicolae_qazlal_eye_of_the_storm, moated_statue

Skill      XL: |  1  2  3  4  5  6  7 |
---------------+----------------------+-----
Invocations    | 1 2 3 |  3.0
Long Blades    | 1 2 |  2.7
Axes           | 1 2 |  2.7
Maces & Flails | 1 2 |  2.7
Polearms       | 1 2 |  2.7
Staves         | 1 2 |  2.7
Slings         | 1 2 |  2.7
Bows           | 1 2 |  2.7
Crossbows      | 1 2 |  2.7
Throwing       | 1 2 |  2.7
Stealth        | 1 2 |  2.7
Shields        | 1 2 |  2.7
Unarmed Combat | 1 2 |  2.7
Spellcasting   | 1 2 |  2.7
Evocations     | 1 2 |  2.7
Dodging        | 3 |  3.8
Conjurations   | 1 2 |  2.2
Hexes          | 1 2 |  2.2
Summonings     | 1 2 |  2.2
Necromancy     | 1 2 |  2.2
Translocations | 1 2 |  2.2
Transmutations | 1 2 |  2.2
Fire Magic     | 1 2 |  2.2
Ice Magic      | 1 2 |  2.2
Air Magic      | 1 2 |  2.2
Earth Magic    | 1 2 |  2.2
Poison Magic   | 1 2 |  2.2
Armour         | 5 |  5.4
Fighting       | 7 |  7.1
Short Blades   | 7 |  7.1

Action                   |  1- 3 |  4- 6 |  7- 9 || total
-------------------------+-------+-------+-------++-------
Melee: Short sword       |   125 |   104 |   142 ||   371
       Bite              |    11 |     3 |    16 ||    30
       Punch             |       |     3 |     6 ||     9
       Quarterstaff      |       |       |    14 ||    14
 Stab: Sleeping          |     1 |     1 |     2 ||     4
       Petrifying        |       |     1 |       ||     1
       Petrified         |       |     1 |       ||     1
Armor: Leather armour    |    35 |    23 |    40 ||    98
Dodge: Dodged            |    68 |    54 |    58 ||   180
